 Dungeon Sprint DCSS version 0.30.1-9-gdf580d7c3d (webtiles) character file.

Game seed: 15199539458842609342

72 Groucho the Lightning Rod (level 4, -5/30 HPs)
             Began as an Octopode Transmuter on Oct 18, 2023.
             Was a Follower of Qazlal.
             Slain by a draconian
             ... wielding a +0 short sword
              (10 damage)
             ... in the Dungeon (Sprint V: "Ziggurat Sprint").
             The game lasted 00:02:42 (808 turns).

Groucho the Lightning Rod (Octopode Transmuter)      Turns: 808, Time: 00:02:43

Health: -5/30      AC:  1    Str: 21    XL:     4   Next: 26%
Magic:  8/8        EV:  9    Int: 27    God:    Qazlal [*.....]
Gold:   0          SH: 31    Dex: 26    Spells: 8/9 levels left

rFire   . . .        B - +6 shillelagh "Devastator" {shatter}
rCold   . . .        A - +18 shield of the Gong {Loud rN+ Will+ rCorr EV-5}
rNeg    + . .        (helmet restricted)
rPois   .            (no amulet)
rElec   .            r - +6 ring of dexterity
rCorr   +            s - +6 ring of dexterity
SInv    .            t - +6 ring of intelligence
Will    +....        u - +6 ring of intelligence
Stlth   +++          v - +6 ring of strength
HPRegen 0.25/turn    w - +6 ring of strength
MPRegen 0.11/turn    q - ring of flight
                     (no ring)

%: no teleportation
@: flying
A: almost no armour, amphibious, 8 rings, camouflage 1, gelatinous body 1,
(nimble swimmer 1), tentacles
a: Renounce Religion


You were in the Dungeon.
You worshipped Qazlal.
Qazlal was aware of your devotion.
You visited 1 branch

Inventory:

Hand Weapons
 B - the +6 shillelagh "Devastator" (weapon) {shatter}
   (You found it in the Dungeon)
 C - the +11 Singing Sword {sonic wave}
   (You found it in the Dungeon)
 D - the +7 great mace "Firestarter" {flame, immolate, rFlCloud rF++}
   (You found it in the Dungeon)

   rFlCloud:  It grants immunity to clouds of flame.
   rF:        It greatly protects you from fire.
 E - the +8 lance "Wyrmbane" {slay drac, rPois rF+ rC+ AC+3}
   (You found it in the Dungeon)

   AC:        It affects your AC (+3).
   rF:        It protects you from fire.
   rC:        It protects you from cold.
   rPois:     It protects you from poison.
 F - the +7 mace of Variability {chaos, chaos arc}
   (You found it in the Dungeon)
 G - the +13 scythe of Curses {drain, curses, Drain}
   (You found it in the Dungeon)

   Drain:     It drains your maximum health when unequipped.
 H - the +8 storm bow {elec, penet}
   (You found it in the Dungeon)
 I - the +9 sword of Power {lifebolt}
   (You found it in the Dungeon)
 J - the +9 sword of Zonguldrok {reap}
   (You found it in the Dungeon)
 K - the +6 Majin-Bo {spellvamp, MP+6 Int+6}
   (You found it in the Dungeon)

   Int:       It affects your intelligence (+6).
   MP:        It affects your magic capacity (+6).
 L - the +10 dark maul {heavy}
   (You found it in the Dungeon)
 M - the +27 heavy crossbow "Sniper" {heavy, Acc+∞ SInv}
   (You found it in the Dungeon)

   Acc+∞: It never misses its target.
   SInv:      It lets you see invisible.
 N - the +16 obsidian axe {drain, demonic, Mesm Drain Fly SInv}
   (You found it in the Dungeon)

   Mesm:      Its wielder is mesmerised by any visible foes, and it cannot be
   unequipped while any foes are visible.
   SInv:      It lets you see invisible.
   Fly:       It grants you flight.
   Drain:     It drains your maximum health when unequipped.
Armour
 A - the +18 shield of the Gong (worn) {Loud rN+ Will+ rCorr EV-5}
   (You found it in the Dungeon)

   Loud:      It is deafeningly noisy when blocking attacks.
   EV:        It affects your evasion (-5).
   rN:        It protects you from negative energy.
   rCorr:     It protects you from acid and corrosion.
   Will:      It increases your willpower.
 O - the +15 Maxwell's patent armour {-Cast -Tele rElec Will+ rCorr}
   (You found it in the Dungeon)

   rElec:     It insulates you from electricity.
   -Cast:     It prevents spellcasting.
   -Tele:     It prevents most forms of teleportation.
   rCorr:     It protects you from acid and corrosion.
   Will:      It increases your willpower.
Jewellery
 q - a ring of flight (on tentacle)
 r - a +6 ring of dexterity (left tentacle)
 s - a +6 ring of dexterity (right tentacle)
 t - a +6 ring of intelligence (on tentacle)
 u - a +6 ring of intelligence (on tentacle)
 v - a +6 ring of strength (on tentacle)
 w - a +6 ring of strength (on tentacle)
 P - the amulet of Elemental Vulnerability {rPois rF-- rC-- AC+8}
   (You found it in the Dungeon)

   [amulet of nothing]

   AC:        It affects your AC (+8).
   rF:        It makes you very vulnerable to fire.
   rC:        It makes you very vulnerable to cold.
   rPois:     It protects you from poison.
Wands
 x - a wand of iceblast (9)
 y - a wand of mindburst (7)
 z - a wand of acid (7)
Scrolls
 g - 4 scrolls of blinking
 m - 4 scrolls of amnesia
 n - 7 scrolls of fog
 o - 5 scrolls of identify
 p - 2 scrolls of fear
Potions
 a - a potion of lignification
 b - 10 potions of curing
 c - 10 potions of heal wounds
 d - 6 potions of haste
 e - 7 potions of magic
 f - 3 potions of berserk rage
 h - 2 potions of brilliance
 i - 2 potions of invisibility
 j - 4 potions of resistance
 k - a potion of experience
 l - 5 potions of might


   Skills:
 + Level 2.7 Fighting
 + Level 3.4 Dodging
 + Level 2.4 Shields
 + Level 4.0 Unarmed Combat
 + Level 3.2 Spellcasting
 + Level 3.3 Transmutations
 * Level 4.1 Invocations


You had 8 spell levels left.
You knew the following spells:

 Your Spells              Type           Power      Damage    Failure   Level
a - Beastly Appendage     Tmut           44%        N/A       5%          1

Your spell library contained the following spells:

 Spells                   Type           Power      Damage    Failure   Level
 Wereblood                Tmut           22%        N/A       9%          2
 Kiss of Death            Conj/Necr      16%        2d6       22%         1
 Cigotuvi's Dreadful Rot  Necr/Pois/Air  8%         N/A       32%         2
 Spider Form              Tmut/Pois      13%        N/A       32%         3
 Ice Form                 Ice/Tmut       13%        N/A       71%         4
 Flame Wave               Conj/Fire      4%         2d5       91%         4
 Infestation              Necr           2%         N/A       100%        8


Dungeon Overview and Level Annotations

Branches:
Dungeon (1/1)

Altars:
Ashenzari
Cheibriados
Dithmenos
Elyvilon
Fedhas
Gozag
Hepliaklqana
Kikubaaqudgha
Makhleb
Nemelex Xobeh
Okawaru
Qazlal
Ru
Sif Muna
Trog
Uskayaw
Vehumet
Wu Jian
Xom
Yredelemnul
Zin
The Shining One
Jiyva
Lugonu

Annotations:
D 1 transporter


Innate Abilities, Weirdness & Mutations

You cannot wear most types of armour.
You are amphibious.
You can wear up to eight rings at the same time.
Your skin changes colour to match your surroundings (Stealth+).
Your rubbery body absorbs attacks. (AC +1, EV +1)
((You are camouflaged when in or above water. (Stealth+)))
You have tentacles for arms and can constrict up to eight enemies at once.


Message History

The draconian attacks as you move away! You block the draconian's attack.
GONNNNG!
There is a transporter landing site here.
You hit the draconian but do no damage. You grab the draconian.
You constrict the draconian, but do no damage.
You block the draconian's attack.
GONNNNG!
The draconian is engulfed in blazing flames.
Unknown command.
Unknown command.
You hit the draconian.
The draconians shudder.
The draconian is lightly wounded. x2
The draconian is heavily wounded.
The draconian is lightly wounded.
You constrict the draconian, but do no damage.
You block the draconian's attack.
PTOANNNG!
You block the draconian's attack.
PTOANNNG!
The draconian closely misses you.
The draconian is engulfed in blazing flames.
You block the draconian's attack.
GONNNNG!
The draconian hits you with a +0 hand axe.
The draconian closely misses you.
The draconian hits you with a +0 dagger.
The draconian is engulfed in blazing flames.
You block the draconian's attack.
BONNNG!
Unknown command.
You hit the draconian but do no damage.
The draconian is lightly wounded.
You constrict the draconian.
The draconian hits you with a +0 dagger!
Ouch! That really hurt!
* * * LOW HITPOINT WARNING * * *
You block the draconian's attack.
PTOANNNG!
The draconian hits you with a +0 short sword!
You die...

▓▓▓▓▓▓▓▓▓▓▓▓▓▓▓▓▓▓▓
▓.8©8.▓.8©8.▓.8©8.▓
▓.:}).▓.})..▓.....▓
▓..[..▓.....▓...|.▓
▓.....▓.....▓.))..▓
▓.....▓.....▓.....▓
▓.ddd.▓.....▓..©..▓
▓.d@..▓..©..▓▓▓▓▓▓▓
▓▓▓▓▓▓▓▓▓▓▓▓▓


You could see 4 draconians.

Vanquished Creatures
  An orc priest (D)
  An iron imp (D)
  A white imp (D)
  An ufetubus (D)
  An orc (D)
5 creatures vanquished.

Notes
Turn   | Place    | Note
-------+----------+-------------------------------------------
     0 | D        | Groucho the Octopode Transmuter began the quest for the
                  | Orb.
     0 | D        | Reached XP level 1. HP: 13/13 MP: 3/3
     0 | D        | Found a shimmering blue altar of Sif Muna.
     0 | D        | Found a sacrificial altar of Ru.
     0 | D        | Found a bloodstained altar of Trog.
     0 | D        | Found a stormy altar of Qazlal.
     0 | D        | Found an iron altar of Okawaru.
     0 | D        | Found a sparkling altar of Nemelex Xobeh.
     0 | D        | Found a blossoming altar of Fedhas.
     0 | D        | Found the +6 Majin-Bo {spellvamp, MP+6 Int+6}
     0 | D        | Found the +27 heavy crossbow "Sniper" {heavy, Acc+∞ SInv}
     0 | D        | Found the +10 dark maul {heavy}
     0 | D        | Found the +15 Maxwell's patent armour {-Cast -Tele rElec
                  | Will+ rCorr}
     0 | D        | Found the +18 shield of the Gong {Loud rN+ Will+ rCorr
                  | EV-5}
     0 | D        | Found the +16 obsidian axe {drain, demonic, Mesm Drain Fly
                  | SInv}
     0 | D        | Found the +7 great mace "Firestarter" {flame, immolate,
                  | rFlCloud rF++}
     0 | D        | Found the +6 shillelagh "Devastator" {shatter}
     0 | D        | Found the +11 plutonium sword {Contam Stlth-}
     0 | D        | Found the +8 lance "Wyrmbane" {slay drac, rPois rF+ rC+
                  | AC+3}
     0 | D        | Found the +9 sword of Zonguldrok {reap}
     0 | D        | Found the +13 scythe of Curses {drain, curses, Drain}
     0 | D        | Found the +9 sword of Power {lifebolt}
     0 | D        | Found the +7 mace of Variability {chaos, chaos arc}
     0 | D        | Found the +11 Singing Sword {sonic wave}
     0 | D        | Found the +8 storm bow {elec, penet}
     2 | D        | Found a transporter.
     2 | D        | Found an ancient bone altar of Kikubaaqudgha.
     2 | D        | Found a viscous altar of Jiyva.
     2 | D        | Found a corrupted altar of Lugonu.
     2 | D        | Found a hazy altar of Hepliaklqana.
     2 | D        | Found a burning altar of Makhleb.
     2 | D        | Found an opulent altar of Gozag.
    96 | D        | Became a worshipper of Qazlal Stormbringer
   109 | D        | Entered arena 2.
   109 | D        | Found the amulet of Elemental Vulnerability {rPois rF--
                  | rC-- AC+8}
   109 | D        | Noticed an orc priest
   109 | D        | Found a transporter.
   111 | D        | Killed an orc priest
   112 | D        | Reached skill level 1 in Shields
   112 | D        | Reached XP level 2. HP: 19/19 MP: 3/5
   112 | D        | Reached XP level 3. HP: 24/24 MP: 4/7
   404 | D        | Entered arena 3.
   404 | D        | Found a transporter.
   407 | D        | Reached * piety under Qazlal
   413 | D        | Reached XP level 4. HP: 18/30 MP: 8/8
   793 | D        | Got the Atlas of the Sinister Blaze
   800 | D        | Entered arena 4.
   800 | D        | Noticed a draconian
   800 | D        | Noticed a draconian
   800 | D        | Noticed a draconian
   800 | D        | Noticed a draconian
   800 | D        | Found a transporter.
   808 | D        | Slain by a draconian

Illustrated notes

Levels and vault maps discovered:
D:        sprint_v [room_start, room_1, room_2, room_3, room_4, room_5, room_6,
          room_7, room_8, room_9, room_10, room_11, room_12, room_13, room_14,
          room_15, room_16, room_17, room_18, room_19, room_20, room_21,
          room_22, room_23, room_24, room_25, room_26, room_27]

Skill      XL: |  1  2  3 |
---------------+----------+-----
Fighting       | 2 |  2.7
Dodging        | 3 |  3.4
Shields        | 1 2 |  2.4
Invocations    | 3 4 |  4.1
Transmutations | 3 |  3.3
Unarmed Combat | 4 |  4.0
Spellcasting   | 3 |  3.2

Action                     |  1- 3 |  4- 6 || total
---------------------------+-------+-------++-------
  Melee: Shillelagh        |     7 |     4 ||    11
         Constrict         |     2 |     1 ||     3
         Tentacles         |     1 |     1 ||     2
         Punch             |     1 |       ||     1
  Dodge: Dodged            |       |     2 ||     2
  Block: Kite shield       |     8 |     9 ||    17
